 Dungeon Crawl Stone Soup version 0.30-a0-1094-g860fb061e7 (webtiles) character file.

Game seed: 3981129621196771217

1 Esekla the Sneak (level 1, -4/16 HPs)
             Began as an Octopode Delver on Apr 17, 2023.
             Slain by an orc
             ... wielding a +1 flail of pain
              (10 damage)
             ... on level 5 of the Dungeon.
             The game lasted 00:02:07 (213 turns).

Esekla the Sneak (Octopode Delver)                   Turns: 213, Time: 00:02:07

Health: -4/16      AC:  1    Str: 11    XL:     1   Next: 20%
Magic:  1/1        EV: 13    Int: 12    God:
Gold:   36         SH:  0    Dex: 13    Spells: 0/0 levels left

rFire   . . .      SeeInvis .    a - +0 falchion
rCold   . . .      Faith    .    (no shield)
rNeg    . . .      Spirit   .    (helmet restricted)
rPois   .          Reflect  .    (no amulet)
rElec   .          Rampage  .    (no ring)
rCorr   .                        (no ring)
Will    .....                    (no ring)
Stlth   ++                       (no ring)
HPRegen 0.22/turn                (no ring)
MPRegen 0.07/turn                (no ring)
                                 (no ring)
                                 (no ring)

@: confused
A: almost no armour, amphibious, 8 rings, camouflage 1, gelatinous body 1,
(nimble swimmer 1), tentacles
a: no special abilities


You were on level 5 of the Dungeon.
You visited 1 branch of the dungeon, and saw 1 of its levels.

You collected 36 gold pieces.

Inventory:

Hand Weapons
 a - a +0 falchion (weapon)
Wands
 f - a wand of digging (3)
Scrolls
 b - a scroll of fog
Potions
 c - a potion of attraction {unknown}
 e - a potion of haste
 g - a potion of heal wounds {unknown}


   Skills:
 * Level 3.0 Fighting
 * Level 2.0 Long Blades
 * Level 2.0 Dodging
 + Level 6.6 Stealth


You couldn't memorise any spells.
You didn't know any spells.
Your spell library was empty.

Dungeon Overview and Level Annotations

Branches:
Dungeon (5/15)
 Temple: D:4-7

Altars:

Shops:
D:5 *

Annotations:
D:5 Menkaure


Innate Abilities, Weirdness & Mutations

You cannot wear most types of armour.
You are amphibious.
You can wear up to eight rings at the same time.
Your skin changes colour to match your surroundings (Stealth+).
Your rubbery body absorbs attacks. (AC +1, EV +1)
((You are camouflaged when in or above water. (Stealth+)))
You have tentacles for arms and can constrict up to eight enemies at once.


Message History

You open the door.
Found a brown potion.
There is an open door here.
You close the door.
c - a brown potion
Found a club.
An orc comes into view. It is wielding a +1 flail of pain.
An orc comes into view. It is wielding a +0 whip.
Found 3 poisoned darts.
An orc wizard comes into view. It is wielding a +0 dagger.
Found a plate armour.
The orc wizard shouts!
The orc wizard casts a spell at you. The magic dart hits you!
Ouch! That really hurt!
As you read the scroll of fear, it crumbles to dust.
You assume a fearsome visage.
The orc wizard looks frightened!
The orc wizard gestures wildly while chanting.
The orc wizard flickers and vanishes!
Deactivating autopickup; reactivate with Ctrl-A.
You are confused.
You are more confused.
The orc shouts!
You are more confused.
You hear some strange, mumbled words.
Something tries to affect you, but you resist.
The orc shouts!
A phantom comes into view.
The phantom barely misses you.
You closely miss the phantom. The phantom closely misses you.
The phantom barely misses you.
You're too confused to move!
Something hits you. The phantom hits you.
The phantom blinks!
You blink.
The orc closely misses you.
You hear some strange, mumbled words.
Something tries to affect you, but you resist.
The phantom hits you but does no damage.
The orc hits you with a +1 flail of pain!
Ouch! That really hurt!
You die...

,,**+****,,,,##.......**,,,*,,,,,
,,*,,,,,,,,,,........,,,,,,*,,,,,
,,~~~,,,,,>,,,.......,,,,,,*,,,,,
,,,∩~,,,,,,,,,......,,,,,,,*,,,,,
,,~~~.,**,,,**#...#*###***,*,,,,,
***,,..########...##..####+######
,,,,,.........(o.................
,,,,,...........o................
,,,,,..........W@................
,,,,,.............##....##.....##
,,,,,.............########+######
,****####[..##....##.............
**,,,,,,####*#....##.............
,,,,,,,,,,,,,#...................
,,,,,,,,,,,,,#....########.......
,,,,,,,......#....#.....,#.......
,,,,,,,......#+####......+.......


You could see a phantom and 2 orcs.

Vanquished Creatures
  A quokka (D:5)
1 creature vanquished.

Notes
Turn   | Place    | Note
-------+----------+-------------------------------------------
     0 | D:5      | Esekla the Octopode Delver began the quest for the Orb.
     0 | D:5      | Reached XP level 1. HP: 16/16 MP: 1/1
    43 | D:5      | Found Zitzeiv's General Store.
   101 | D:5      | Noticed Menkaure
   196 | D:5      | Noticed an orc wizard
   206 | D:5      | Noticed a phantom
   213 | D:5      | Slain by an orc

Illustrated notes

Levels and vault maps discovered:
D:5:      layout_gridville, serial_shops, shop, nicolae_shop_tiny_waterfront,
          nicolae_shop_gaudy_bauble, nicolae_shop_stone, uniq_menkaure

Action                     || total
---------------------------++-------
  Melee: Falchion          ||     5
         Constrict         ||     1
    Use: Scroll            ||     2
 Armour: Skin              ||     1
  Dodge: Dodged            ||     9

Table legend: (Time is in decaauts)
 A = Elapsed time spent in this place.
 B = Non-inter-level travel time spent in this place.
 C = Inter-level travel time spent in this place.
 D = Time resting spent in this place.
 E = Time spent auto-exploring this place.
 F = Levels seen in this place.
 G = Mean time per level.
                   A        B        C        D        E       F      G
               +--------+--------+--------+--------+--------+-----+--------+
         Total |    214 |    214 |      0 |      0 |      0 |   1 |  214.0 |
       Dungeon |    214 |    214 |      0 |      0 |      0 |   1 |  214.0 |
               +--------+--------+--------+--------+--------+-----+--------+

Top non-repeatable levels by time:
     D:5: 214 daAuts
